 Dungeon Crawl Stone Soup version 0.16.1-16-gc44b35d (webtiles) character file.

187 jacksonaction the Skirmisher (level 5, 26/38 HPs)
             Began as an Octopode Berserker on Apr 18, 2015.
             Was a Believer of Trog.
             Quit the game on level 3 of the Dungeon.
             The game lasted 00:08:58 (2194 turns).

jacksonaction the Skirmisher (Octopode Berserker)   Turns: 2194, Time: 00:08:58

Health: 26/38      AC:  1    Str: 17    XL:     5   Next: 66%
Magic:  5/5        EV: 13    Int:  9    God:    Trog [**....]
Gold:   110        SH:  0    Dex: 12    Spells: 0 memorised, 4 levels left

rFire  . . .     SeeInvis .     a - +0 mace
rCold  . . .     Clarity  .     (no shield)
rNeg   . . .     SustAb   .     (helmet restricted)
rPois  .         Gourm    .     (no amulet)
rElec  .         Spirit   .     (no ring)
rCorr  .         Warding  .     (no ring)
rMut   .         Stasis   .     (no ring)
MR     .....                    (no ring)
Stlth  ++........               (no ring)
                                (no ring)
                                (no ring)
                                (no ring)

@: not resistant to hostile enchantments, unstealthy
A: almost no armour, amphibious, 8 rings, constrict 8, camouflage 1, gelatinous
body 1
a: Burn Spellbooks, Berserk, Trog's Hand, Renounce Religion


You were on level 3 of the Dungeon.
You worshipped Trog.
Trog was pleased with you.
You were not hungry.

You visited 1 branch of the dungeon, and saw 3 of its levels.

You collected 110 gold pieces.

Inventory:

Hand weapons
 a - a +0 mace (weapon)
Missiles
 f - 87 stones (quivered)
 j - 10 poisoned needles
Scrolls
 b - 3 scrolls of identify {unknown}
 d - a scroll of magic mapping {unknown}
 e - 5 scrolls of remove curse {unknown}
 h - a scroll of recharging {unknown}
 i - 2 scrolls of blinking {unknown}
 k - a scroll of noise {unknown}
 o - a scroll of fog {unknown}
 p - a scroll of teleportation {unknown}
Potions
 g - 2 potions of might {unknown}
 l - a potion of curing {unknown}
 n - a potion of restore abilities {unknown}
 q - a potion of poison {unknown}
Comestibles
 c - 3 bread rations
 m - a chunk of flesh


   Skills:
 + Level 4.8 Fighting
 + Level 4.8 Maces & Flails
 - Level 3.0 Dodging


You had 4 spell levels left.
You didn't know any spells.

Dungeon Overview and Level Annotations

Branches:
Dungeon (3/15)

Altars:
Elyvilon


Innate Abilities, Weirdness & Mutations

You cannot wear most types of armour.
You are amphibious.
You can wear up to eight rings at the same time.
You can use your tentacles to constrict many enemies at once.
Your skin changes colour to match your surroundings (Stealth).
Your rubbery body absorbs attacks (AC +1).


Message History

The orc is moderately wounded.
The orc priest mumbles some strange prayers to Beogh.
You feel troubled. The orc hits you but does no damage.
You hit the orc. Your grab misses the orc.
The orc is almost dead.
The orc misses you.
You hit the orc.
You kill the orc!
Trog accepts your kill.
You hit the orc priest but do no damage.
Your grab misses the orc priest.
You squeeze the orc priest, but do no damage.
The orc priest is moderately wounded.
The orc priest hits you with a trident.
You thump the orc priest!
You kill the orc priest!
Trog accepts your kill.
Things that are here:
a trident; a dagger Are you sure you want to abandon this character and quit the game? (Confirm with "yes".)

###...#####...#######
+.........'..........
###...#####...#######
#...# #...# # . #(..#
#...# ..o #[..# #####
.... #...############
#.o. #(.............#
#....##@..)........)#
#...................#
#.........###.......#
###....(.(# #.......#
#....((.###.......#
#########.........#
##.........#
#.....###### #.....#


There were no monsters in sight!

Vanquished Creatures
  Crazy Yiuf (D:2)
  An orc priest (D:3)
  A gnoll (D:1)
  4 adders
  4 worms (D:2)
  An ooze (D:2)
  2 giant geckos
  4 orcs (D:3)
  A giant cockroach (D:2)
  8 goblins
  6 hobgoblins
  5 jackals (D:3)
  6 bats
  2 giant newts (D:2)
  10 kobolds
  5 rats
61 creatures vanquished.

Vanquished Creatures (others)
  5 toadstools (D:1)
5 creatures vanquished.

Grand Total: 66 creatures vanquished

Notes
Turn   | Place    | Note
--------------------------------------------------------------
     0 | D:1      | jacksonaction, the Octopode Berserker, began the quest for the Orb.
     0 | D:1      | Reached XP level 1. HP: 16/16 MP: 1/1
   274 | D:1      | Reached XP level 2. HP: 19/21 MP: 2/2
   481 | D:1      | Acquired Trog's second power
   710 | D:1      | Reached XP level 3. HP: 26/26 MP: 3/3
  1313 | D:2      | Reached skill level 4 in Fighting
  1343 | D:2      | Noticed Crazy Yiuf
  1349 | D:2      | Killed Crazy Yiuf
  1349 | D:2      | Reached XP level 4. HP: 33/33 MP: 4/4
  1409 | D:2      | Found a white marble altar of Elyvilon.
  1527 | D:2      | Reached XP level 5. HP: 29/38 MP: 5/5
  2194 | D:3      | Quit the game

Action                   |  1- 3 |  4- 6 || total
-------------------------+-------+-------++-------
Melee: Mace              |    69 |    62 ||   131
Throw: Stone             |     7 |    20 ||    27
Invok: Berserk           |     3 |     2 ||     5
       Trog's Hand       |     1 |       ||     1
 Stab: Sleeping          |     1 |     1 ||     2
  Eat: Chunk             |     3 |     6 ||     9
